AoeStats
← HR Pinkman

Hideout

509199954Analyzed
1v1 RM · 6d ago on Sep 25, 2026· 57m 5s· 2 players
Game mode
Random Map
Map size
Tiny (2 player)
Population
200
Speed
Normal
Resources
Standard
Victory
Conquest
Starting age
Dark Age
Ending age
Imperial Age
RankedLock teamsTeams togetherTeam positionsShared explorationLock speedFull tech treeHidden civsTurbo modeCheats
Victory
Defeat
🇫🇷 Maya · France
2156
+17
🇨🇱 Tatars · Chile
2178
-17
Hadeo
0:26 Loom
8:57 Feudal Age
9:25 Arson
9:03 Man-at-Arms
9:58 Arson
12:51 Fletching
15:10 Padded Archer Armor
14:57 Double-Bit Axe
20:56 Castle Age
19:07 Gold Mining
21:05 Crossbowman
21:46 Bodkin Arrow
24:14 Horse Collar
29:06 Bow Saw
31:26 Ballistics
33:09 Wheelbarrow
36:59 Imperial Age
35:04 Hand Cart
36:13 Leather Archer Armor
35:53 Town Watch
36:02 Stone Mining
38:01 Bracer
39:00 Heavy Plow
40:10 Chemistry
41:35 Scale Mail Armor
40:57 Eagle Warrior
41:37 Squires
42:50 Holcans
42:40 Conscription
42:28 Elite Eagle Warrior
43:31 Chain Mail Armor
43:48 Forging
45:39 Plate Mail Armor
45:44 Iron Casting
46:01 Masonry
49:22 Blast Furnace
48:19 Pikeman
50:33 Halberdier
51:59 Guard Tower
52:39 Architecture
51:50 Treadmill Crane
52:12 Elite Skirmisher
53:52 Ring Archer Armor
55:37 Hul'che Javelineers
HR Pinkman
7:21 Loom
9:20 Feudal Age
10:15 Double-Bit Axe
12:53 Fletching
19:07 Castle Age
17:07 Horse Collar
18:13 Padded Archer Armor
20:01 Bodkin Arrow
19:37 Crossbowman
21:06 Ballistics
25:04 Wheelbarrow
32:51 Hand Cart
33:30 Town Watch
37:33 Imperial Age
35:04 Gold Mining
36:02 Bow Saw
35:52 Heavy Plow
36:44 Leather Archer Armor
37:21 Gold Shaft Mining
37:40 Bloodlines
37:31 Husbandry
37:19 Elite Skirmisher
38:19 Bracer
39:42 Chemistry
39:21 Ring Archer Armor
40:17 Masonry
41:40 Scale Barding Armor
41:46 Forging
41:24 Light Cavalry
42:45 Chain Barding Armor
42:22 Heavy Cavalry Archer
44:08 Iron Casting
44:15 Silk Armor
44:37 Conscription
44:28 Timurid Siegecraft
46:06 Silk Armor
53:33 Plate Barding Armor
Connection lost

Rejoining the realm…

Still unreachable

The connection could not be restored.

Session expired

The server has moved on; the page needs a fresh start.